 Dungeon Crawl Stone Soup version 0.29.0-15-g675c0067aa (webtiles) character file.

Game seed: 714127168002813951

2728 qw the Cleaver (level 9, 0/81 HPs)
             Began as a Minotaur Berserker on Sept 12, 2022.
             Was an Elder of Trog.
             Slain by Erica
             ... wielding a +0 scimitar of flaming
              (2 damage)
             ... on level 8 of the Dungeon.
             The game lasted 00:02:47 (8761 turns).

qw the Cleaver (Minotaur Berserker)                 Turns: 8761, Time: 00:02:48

Health: 0/81       AC: 17    Str: 26    XL:     9   Next: 40%
Magic:  8/8        EV: 10    Int:  4    God:    Trog [****..]
Gold:   222        SH:  0    Dex: 16    Spells: 8/8 levels left

rFire   . . .      SeeInvis .   Y - +1 war axe
rCold   + . .      Faith    .   (no shield)
rNeg    . . .      Spirit   .   i - +0 chain mail
rPois   .          Reflect  .   (helmet restricted)
rElec   .          Harm     .   (no cloak)
rCorr   +          Rampage  .   k - +2 pair of gloves
Will    .....                   b - +3 pair of mountain boots {steadfast, rC+}
Stlth   ..........              (no amulet)
HPRegen 0.23/turn               p - ring of resist corrosion
MPRegen 0.11/turn               n - +6 ring of dexterity

@: slowed, very slow
A: horns 2, retaliatory headbutt
a: Renounce Religion, Berserk, Trog's Hand, Brothers in Arms


You were on level 8 of the Dungeon.
You worshipped Trog.
Trog was greatly pleased with you.
You visited 1 branch of the dungeon, and saw 8 of its levels.
You also visited: Sewer.

You collected 509 gold pieces.
You spent 287 gold pieces at shops.


Innate Abilities, Weirdness & Mutations

You have a pair of horns on your head.
You reflexively headbutt those who attack you in melee.


   Skills:
 - Level 8.1 Fighting
 - Level 13.0 Axes
 - Level 5.2 Armour
 + Level 3.2 Dodging


You had 8 spell levels left.
You didn't know any spells.
Your spell library was empty.

Inventory:

Hand Weapons
 q - a +0 flail
 Y - a +1 war axe (weapon)
Armour
 b - the +3 pair of mountain boots (worn) {steadfast, rC+}
   (You acquired it on level 6 of the Dungeon)

   It prevents involuntary movement, except for blinking, teleportation, or
   banishment.
   rC:        It protects you from cold.
 i - a +0 chain mail (worn)
 k - a +2 pair of gloves (worn)
Jewellery
 n - a +6 ring of dexterity (right hand)
 p - a ring of resist corrosion (left hand)
Scrolls
 c - 2 scrolls of identify
 j - 6 scrolls of teleportation
Potions
 a - 3 potions of curing
 d - a potion of haste
 e - 2 potions of heal wounds
 f - 2 potions of cancellation
 m - 2 potions of mutation
 o - a potion of might

Dungeon Overview and Level Annotations

Branches:
Dungeon (8/15)             Temple (0/1) D:5           Sewer (visited)
   Lair: D:8-11

Altars:
Dithmenos
Qazlal
Uskayaw
Wu Jian
Yredelemnul

Shops:
D:4 (   D:5 :[?

Annotations:
D:3 2 runed translucent doors, qw's ghost, amateur GrFi
D:8 Erica


Message History

Found a stormy altar of Qazlal.
Enter note: Erica the Fiery-Tempered comes into view.
She is wielding a +0 scimitar of flaming and wearing a +1 robe of positive energy.
Found an ornate altar of the Wu Jian Council.
Erica gestures wildly while chanting.
Erica flickers and vanishes!
Deactivating autopickup; reactivate with Ctrl-A.
You swing at nothing.
You swing at nothing.
You swing at nothing.
You are confused.
8748 ||| DRINKING 4 potions of curing.
You feel better.
8748 ||| (to cure confusion)
You swing at nothing.
You swing at nothing.
You swing at nothing.
You swing at nothing.
You hear some strange, mumbled words.
You feel yourself slow down.
You swing at nothing.
You miss something. Something hits you. Something burns you.
You miss something. Something hits you! Something burns you.
Something hits you! Something burns you.
You slash something! Something hits you but does no damage.
You closely miss something. Something hits you! Something burns you.
You hit something. Something hits you! Something burns you.
Something hits you but does no damage.
You miss something. Something hits you! Something burns you.
You slash something! Your headbutt misses something. Something hits you.
Something burns you.
You completely miss something.
Erica appears from thin air!
Reactivating autopickup.
Erica hits you with a +0 scimitar of flaming.
You die...

##.......# .........#
#. #......# ..
#...)))# .# #...)<.#
#### .###
#......###..# .#_#
#....((##..# ##.8.#.#.
#....>.##..###........
####.###......@@......
#........####8.#.#.
##..##.#.# _#
#####.....#.# #####
#...)....##.###...#
....####..........###
.#................#
#.#####..........#
###...######.#


You could see Erica.

Vanquished Creatures
  Prince Ribbit (D:6)
  A wraith (D:7)
  3 water moccasins
  2 ice beasts
  A phantom (D:4)
  2 kobold brigands (Sewer)
  A necrophage (D:6)
  2 scorpions
  10 wights
  5 killer bees (D:7)
  5 howler monkeys
  3 jellies
  A hound (D:5)
  2 orc priests
  6 orc wizards
  An iguana (D:5)
  4 adders
  2 shadow imps
  2 white imps (D:7)
  2 ufetubi
  4 worms
  2 dart slugs (D:2)
  17 orcs
  8 ball pythons
  9 bats
  7 endoplasms
  8 giant cockroaches
  7 goblins
  6 hobgoblins
  9 jackals
  3 quokkas (D:4)
  12 frilled lizards
  22 kobolds
  9 rats
179 creatures vanquished.

Vanquished Creatures (others)
  4 plants (Sewer)
4 creatures vanquished.

Grand Total: 183 creatures vanquished

Notes
Turn   | Place    | Note
-------+----------+-------------------------------------------
     0 | D:1      | qw the Minotaur Berserker began the quest for the Orb.
     0 | D:1      | Reached XP level 1. HP: 19/19 MP: 0/0
     0 | D:1      | 0 ||| qw: Version: 0.1-a-119-g272c26d
     0 | D:1      | 0 ||| qw: Game counter: 10819
     0 | D:1      | 0 ||| qw: Always use a shield: true
     0 | D:1      | 0 ||| qw: Do Orc after D:15 true
     0 | D:1      | 0 ||| qw: Do second Lair branch before Depths: true
     0 | D:1      | 0 ||| qw: Lair rune preference: random
     0 | D:1      | 0 ||| qw: Plans: Normal
     0 | D:1      | 0 ||| PLANNING D:1-11
    11 | D:1      | 11 ||| Stepping ~*~*~tactically~*~*~ (stealth).
    12 | D:1      | 12 ||| Stepping ~*~*~tactically~*~*~ (stealth).
    33 | D:1      | Reached skill level 4 in Axes
   152 | D:1      | 152 ||| INVOKING Berserk.
   152 | D:1      | HP: 2/28 [frozen (5)]
   154 | D:1      | Reached XP level 2. HP: 3/26 MP: 1/1
   447 | D:1      | 447 ||| Stepping ~*~*~tactically~*~*~ (stealth).
  1068 | D:1      | 1068 ||| UPGRADING to +0 ring mail.
  1078 | D:1      | 1078 ||| DROPPING +0 animal skin.
  1079 | D:1      | 1079 ||| READING scroll labelled IQU GEBBUHETE.
  1080 | D:1      | 1080 ||| READING scroll labelled DYBIXKI MINOLO.
  1081 | D:1      | 1081 ||| READING scroll labelled KIGONO ILUASM.
  1084 | D:2      | Found a hide-covered altar of Uskayaw.
  1110 | D:2      | 1110 ||| INVOKING Berserk.
  1115 | D:2      | Reached skill level 5 in Axes
  1242 | D:2      | 1242 ||| DROPPING +0 club.
  1255 | D:2      | 1255 ||| FLEEEEING.
  1265 | D:2      | 1265 ||| STAIRDANCE
  1309 | D:2      | 1309 ||| Stepping ~*~*~tactically~*~*~ (hiding).
  1313 | D:2      | Reached XP level 3. HP: 31/31 MP: 2/2
  1573 | D:2      | 1573 ||| Stepping ~*~*~tactically~*~*~ (stealth).
  1574 | D:2      | 1574 ||| Stepping ~*~*~tactically~*~*~ (stealth).
  1581 | D:2      | Reached ** piety under Trog
  1674 | D:2      | 1674 ||| Stepping ~*~*~tactically~*~*~ (hiding).
  2001 | D:2      | 2001 ||| INVOKING Berserk.
  2145 | D:2      | 2145 ||| READING 2 scrolls labelled WUHERPHUTOV.
  2150 | D:2      | 2150 ||| READING scroll labelled GYAKEI LOZELI.
  2151 | D:2      | 2151 ||| DRINKING 3 coppery potions.
  2152 | D:2      | 2152 ||| DRINKING 2 black potions.
  2153 | D:2      | 2153 ||| READING 3 scrolls of identify.
  2153 | D:2      | 2153 ||| IDENTIFYING green potion
  2154 | D:2      | 2154 ||| READING 2 scrolls of identify.
  2154 | D:2      | 2154 ||| IDENTIFYING smoky coppery potion
  2155 | D:2      | 2155 ||| DROPPING potion of brilliance.
  2156 | D:2      | 2156 ||| DROPPING potion of magic.
  2157 | D:2      | 2157 ||| READING scroll of teleportation.
  2176 | D:3      | Found a large runed translucent door.
  2176 | D:3      | Found a large runed translucent door.
  2235 | D:3      | Reached skill level 6 in Axes
  2235 | D:3      | Reached XP level 4. HP: 36/39 MP: 3/3
  2378 | D:3      | 2378 ||| Stepping ~*~*~tactically~*~*~ (hiding).
  2380 | D:3      | 2380 ||| INVOKING Berserk.
  2624 | D:3      | Reached XP level 5. HP: 45/45 MP: 4/4
  2686 | D:3      | Reached skill level 7 in Axes
  3120 | D:3      | Noticed qw's ghost (amateur GrFi)
  3124 | D:3      | 3124 ||| UPGRADING to +2 pair of boots.
  3129 | D:3      | 3129 ||| UPGRADING to +0 chain mail.
  3139 | D:3      | 3139 ||| DROPPING +0 ring mail.
  3140 | D:3      | 3140 ||| READING scroll labelled WUMYTILOWOL.
  3285 | D:3      | 3285 ||| READING scroll labelled MUBBUD JECAYRO.
  3307 | D:4      | 3307 ||| PLANNING SEWER
  3357 | D:4      | Noticed a phantom
  3377 | D:4      | Killed a phantom
  3660 | D:4      | Found a glowing drain.
  3668 | D:4      | 3668 ||| READING 2 scrolls labelled ATUB GUNYUG.
  3669 | D:4      | 3669 ||| READING scroll of enchant weapon.
  3669 | D:4      | 3669 ||| ENCHANTING +1 hand axe.
  3674 | Sewer    | Entered a sewer
  3694 | Sewer    | 3694 ||| Stepping ~*~*~tactically~*~*~ (water).
  3779 | Sewer    | Reached *** piety under Trog
  3780 | Sewer    | Reached XP level 6. HP: 43/55 MP: 5/5
  3985 | Sewer    | Reached skill level 8 in Axes
  4084 | Sewer    | 4084 ||| UPGRADING to +0 pair of gloves.
  4089 | Sewer    | 4089 ||| DRINKING 3 viscous red potions.
  4090 | Sewer    | 4090 ||| READING 2 scrolls of identify.
  4090 | Sewer    | 4090 ||| IDENTIFYING yellow potion
  4105 | D:4      | 4105 ||| PLANNING D:1-11
  4226 | D:4      | 4226 ||| FLEEEEING.
  4227 | D:4      | 4227 ||| FLEEEEING.
  4228 | D:4      | 4228 ||| FLEEEEING.
  4229 | D:4      | 4229 ||| FLEEEEING.
  4230 | D:4      | 4230 ||| FLEEEEING.
  4237 | D:4      | 4237 ||| FLEEEEING.
  4238 | D:4      | 4238 ||| FLEEEEING.
  4245 | D:4      | 4245 ||| INVOKING Berserk.
  4249 | D:4      | Reached skill level 3 in Armour
  4253 | D:4      | 4253 ||| DRINKING 3 potions of curing.
  4253 | D:4      | 4253 ||| (to cure confusion)
  4263 | D:4      | 4263 ||| DRINKING 2 potions of curing.
  4263 | D:4      | 4263 ||| (to cure confusion)
  4518 | D:4      | Found Remmoe Nucis's Antique Weapon Emporium.
  4527 | D:4      | 4527 ||| BUYING flail (91 gold).
  4527 | D:4      | Bought a flail for 91 gold pieces
  4527 | D:4      | 4527 ||| BUYING war axe (91 gold).
  4527 | D:4      | Bought a war axe for 91 gold pieces
  4527 | D:4      | 4527 ||| SWAPPING to +0 war axe.
  4528 | D:4      | 4528 ||| DROPPING +0 mace.
  4529 | D:4      | 4529 ||| DROPPING +2 hand axe.
  4552 | D:4      | 4552 ||| READING scroll of enchant armour.
  4552 | D:4      | 4552 ||| ENCHANTING +0 pair of gloves.
  4582 | D:4      | Reached XP level 7. HP: 60/60 MP: 6/6
  4607 | D:4      | Reached skill level 9 in Axes
  4700 | D:4      | Found a basalt altar of Yredelemnul.
  4708 | D:4      | 4708 ||| DROPPING orb of guile.
  4709 | D:4      | 4709 ||| UPGRADING to ring of resist corrosion.
  4710 | D:4      | 4710 ||| READING scroll labelled KUVUQEW RYIL.
  4711 | D:4      | 4711 ||| DRINKING 2 fuming silvery potions.
  4712 | D:4      | 4712 ||| DRINKING 2 fizzy brown potions.
  4817 | D:4      | 4817 ||| DROPPING potion of attraction.
  4818 | D:4      | 4818 ||| DROPPING potion of berserk rage.
  4832 | D:5      | Entered Level 5 of the Dungeon
  4840 | D:5      | Found a staircase to the Ecumenical Temple.
  5232 | D:5      | Found Febb's Antique Armour Boutique.
  5234 | D:5      | Found Niciuvux's Magic Scroll Shoppe.
  5235 | D:5      | Found Oniuf's Book Boutique.
  5254 | D:5      | 5254 ||| BUYING scroll of enchant armour (105 gold).
  5254 | D:5      | Bought a scroll of enchant armour for 105 gold pieces
  5254 | D:5      | 5254 ||| SHOPLISTING scroll of identify (28 gold, have 7).
  5254 | D:5      | 5254 ||| SHOPLISTING scroll of teleportation (42 gold, have
                  | 7).
  5254 | D:5      | 5254 ||| READING scroll of enchant armour.
  5254 | D:5      | 5254 ||| ENCHANTING +1 pair of gloves.
  5283 | D:5      | 5283 ||| SHOPLISTING cloak (108 gold, have 7).
  5283 | D:5      | 5283 ||| SHOPLISTING glowing chain mail (180 gold, have 7).
  5643 | D:5      | 5643 ||| Stepping ~*~*~tactically~*~*~ (stealth).
  5658 | D:5      | 5658 ||| FLEEEEING.
  5659 | D:5      | 5659 ||| FLEEEEING.
  5660 | D:5      | 5660 ||| FLEEEEING.
  5663 | D:5      | 5663 ||| FLEEEEING.
  5664 | D:5      | 5664 ||| FLEEEEING.
  5665 | D:5      | 5665 ||| FLEEEEING.
  5748 | D:5      | Reached skill level 10 in Axes
  5830 | D:5      | 5830 ||| Stepping ~*~*~tactically~*~*~ (hiding).
  6294 | D:5      | 6294 ||| READING scroll labelled OWKYXY PUILLY.
  6295 | D:5      | 6295 ||| READING 2 scrolls of identify.
  6295 | D:5      | 6295 ||| IDENTIFYING blue potion
  6296 | D:5      | 6296 ||| DROPPING potion of invisibility.
  6312 | D:6      | Noticed Prince Ribbit
  6313 | D:6      | 6313 ||| INVOKING Berserk.
  6322 | D:6      | Killed Prince Ribbit
  6323 | D:6      | Reached XP level 8. HP: 68/68 MP: 7/7
  6327 | D:6      | 6327 ||| STAIRDANCE
  6440 | D:6      | 6440 ||| Stepping ~*~*~tactically~*~*~ (stealth).
  6452 | D:6      | Reached **** piety under Trog
  6587 | D:6      | Reached skill level 6 in Fighting
  6592 | D:6      | 6592 ||| INVOKING Berserk.
  6823 | D:6      | 6823 ||| READING scroll of enchant weapon.
  6823 | D:6      | 6823 ||| ENCHANTING +0 war axe.
  7156 | D:6      | 7156 ||| DROPPING ring of resist corrosion.
  7157 | D:6      | 7157 ||| UPGRADING to +6 ring of dexterity.
  7158 | D:6      | 7158 ||| READING scroll labelled NUN SUAGGIM.
  7158 | D:6      | Identified a scroll of acquirement
  7158 | D:6      | 7158 ||| ACQUIRING +3 pair of mountain boots {steadfast,
                  | rC+}
  7158 | D:6      | Acquired the +3 pair of mountain boots {steadfast, rC+}
  7158 | D:6      | Found the +3 pair of mountain boots {steadfast, rC+}
  7160 | D:6      | 7160 ||| UPGRADING to +3 pair of mountain boots {steadfast,
                  | rC+}.
  7170 | D:6      | 7170 ||| DROPPING +2 pair of boots.
  7171 | D:6      | 7171 ||| READING scroll labelled NOOXEN UBBEURA.
  7272 | D:6      | 7272 ||| READING scroll labelled XOLAKLEWAS.
  7273 | D:6      | 7273 ||| DRINKING 2 silvery potions.
  7274 | D:6      | 7274 ||| READING 2 scrolls of identify.
  7274 | D:6      | 7274 ||| IDENTIFYING murky white potion
  7330 | D:7      | Reached skill level 11 in Axes
  7380 | D:7      | Reached skill level 3 in Dodging
  7673 | D:7      | Found a shadowy altar of Dithmenos.
  7690 | D:7      | Reached skill level 12 in Axes
  7775 | D:7      | Identified the +5 dagger of Distant Worlds {vorpal, rF+ rC-
                  | MP+9}
  7911 | D:7      | 7911 ||| INVOKING Berserk.
  7977 | D:7      | 7977 ||| Stepping ~*~*~tactically~*~*~ (stealth).
  7997 | D:7      | 7997 ||| Stepping ~*~*~tactically~*~*~ (hiding).
  7999 | D:7      | 7999 ||| Stepping ~*~*~tactically~*~*~ (stealth).
  8006 | D:7      | 8006 ||| Stepping ~*~*~tactically~*~*~ (hiding).
  8012 | D:7      | 8012 ||| INVOKING Berserk.
  8212 | D:7      | Reached XP level 9. HP: 79/79 MP: 8/8
  8512 | D:8      | 8512 ||| STAIRDANCE
  8576 | D:8      | Reached skill level 13 in Axes
  8604 | D:8      | 8604 ||| Stepping ~*~*~tactically~*~*~ (stealth).
  8740 | D:8      | Found a stormy altar of Qazlal.
  8744 | D:8      | Found an ornate altar of the Wu Jian Council.
  8744 | D:8      | Noticed Erica
  8748 | D:8      | 8748 ||| DRINKING 4 potions of curing.
  8748 | D:8      | 8748 ||| (to cure confusion)
  8759 | D:8      | HP: 10/81 [something (12)]
  8760 | D:8      | HP: 4/81 [something (6)]
  8761 | D:8      | Slain by Erica

Levels and vault maps discovered:
D:1:      dpeg_arrival_rooms_c, layout_loops_cross, lemuel_old_faithful
D:2:      layout_rooms, basic_altar, st_stairs_10
D:3:      layout_loops_ring, ebering_ghost_disaster_area,
          hangedman_decor_points, grunt_decor_arrowhead
D:4:      nicolae_cairo_tiling_very_big, layout_rooms,
          mainiacjoe_overflow_alcove_2, serial_shops, nicolae_lakefront_shop,
          gup_sewer_entry_bubbles, kennysheep_big_empty_room,
          minmay_misc_feat_cross
D:5:      layout_layer_cave, temple_pool_b, nicolae_wooded_promenade,
          dk_vineyard_3
D:6:      layout_loops_ring, uniq_prince_ribbit1
D:7:      layout_loops_ring, lemuel_round_altar
D:8:      layout_rooms, minitemple, uniq_pikel, uniq_erica, uniq_maurice

Skill      XL: |  1  2  3  4  5  6  7  8  9 |
---------------+----------------------------+-----
Axes           | 4 5 6 7 8 10 12 13 | 13.0
Fighting       | 4 5 7 8 |  8.1
Armour         | 3 5 |  5.2
Dodging        | 3 |  3.2

Action                   |  1- 3 |  4- 6 |  7- 9 || total
-------------------------+-------+-------+-------++-------
Melee: Hand axe          |    93 |   167 |       ||   260
       Headbutt          |    11 |    21 |    32 ||    64
       Punch             |       |     2 |     3 ||     5
       War axe           |       |     5 |   211 ||   216
Invok: Berserk           |     3 |     2 |     4 ||     9
  Use: Scroll            |     8 |     6 |     9 ||    23
       Potion            |     2 |     3 |     4 ||     9
 Stab: Distracted        |       |       |     1 ||     1
Armor: Animal skin       |     2 |       |       ||     2
       Ring mail         |    13 |     6 |       ||    19
       Chain mail        |       |    82 |    95 ||   177
Dodge: Dodged            |    41 |    35 |    77 ||   153

Table legend:
 A = Non-vault XP
 B = Vault XP
 C = Vault XP percentage of total XP
 D = Non-vault monster count
 E = Vault monster count
 F = Vault count percentage of total count
                 A         B        C        D         E       F
            +---------+---------+-------+---------+---------+-------
      Total |    3389 |     509 |  13.1 |     146 |      33 |  18.4
            +---------+---------+-------+---------+---------+-------
        D:1 |      32 |       0 |   0.0 |      20 |       0 |   0.0
        D:2 |      46 |      18 |  28.1 |      24 |       2 |   7.7
        D:3 |     116 |       0 |   0.0 |      15 |       0 |   0.0
        D:4 |     371 |      10 |   2.6 |      22 |       5 |  18.5
        D:5 |     464 |       0 |   0.0 |      18 |       0 |   0.0
        D:6 |     335 |     255 |  43.2 |       6 |       1 |  14.3
        D:7 |    1358 |       0 |   0.0 |      27 |       0 |   0.0
        D:8 |     667 |       0 |   0.0 |      14 |       0 |   0.0
      Sewer |       0 |     226 | 100.0 |       0 |      25 | 100.0
            +---------+---------+-------+---------+---------+-------
